 Dungeon Crawl Stone Soup version 0.28-a0-909-g796cbd3a86 (webtiles) character file.

Game seed: 11086294830360579913

198 piimaboy the Covered (level 6, 0/47 HPs)
             Began as a Human Fighter on Nov 24, 2021.
             Slain by a gnoll (2 damage)
             ... on level 4 of the Dungeon.
             The game lasted 00:22:32 (1617 turns).

piimaboy the Covered (Human Fighter)                Turns: 1617, Time: 00:22:32

Health: 0/47       AC: 12    Str: 18    XL:     6   Next: 5%
Magic:  6/6        EV:  5    Int:  8    God:
Gold:   178        SH:  5    Dex: 13    Spells: 5/5 levels left

rFire   . . .      SeeInvis .   i - +1 dagger (drain)
rCold   . . .      Faith    .   c - +0 buckler
rNeg    . . .      Spirit   .   p - +1 plate armour
rPois   .          Reflect  .   (no helmet)
rElec   .          Harm     .   (no cloak)
rCorr   .          Rampage  .   (no gloves)
Will    .....                   (no boots)
Stlth   ..........              (no amulet)
HPRegen 0.15/turn               n - ring of willpower
MPRegen 0.10/turn               (no ring)

@: mighty, weak-willed, flying
A: no striking features
a: no special abilities


You were on level 4 of the Dungeon.
You visited 1 branch of the dungeon, and saw 4 of its levels.

You collected 178 gold pieces.

Inventory:

Hand Weapons
 a - a +0 flail
 e - a +0 war axe
 h - a +0 spear
 i - a +1 dagger of draining (weapon)
Armour
 c - a +0 buckler (worn)
 p - a +1 plate armour (worn)
Magical Staves
 k - a staff of cold
Jewellery
 n - a ring of willpower (left hand)
Scrolls
 m - 2 scrolls of vulnerability


   Skills:
 + Level 3.4 Fighting
 + Level 2.8 Short Blades
 + Level 2.5 Maces & Flails
 + Level 4.2 Armour
 + Level 1.0 Dodging
 + Level 0.1 Stealth
 + Level 3.3 Shields


You had 5 spell levels left.
You didn't know any spells.
Your spell library was empty.

Dungeon Overview and Level Annotations

Branches:
Dungeon (4/15)             Temple (0/1) D:4

Altars:
Gozag


Message History

The gnoll hits you but does no damage.
The gnoll hits you from afar with a +0 halberd!
You hit the gnoll. You drain the gnoll.
You kill the gnoll!
The gnoll hits you but does no damage. x2
The gnoll hits you from afar with a +0 halberd!
* * * LOW HITPOINT WARNING * * *
You puncture the gnoll!
The gnoll is almost dead.
You block the gnoll's attack. The gnoll barely misses you.
The gnoll hits you from afar with a +0 halberd.
* * * LOW HITPOINT WARNING * * *
You hit the gnoll.
You kill the gnoll!
The gnoll hits you from afar with a +0 halberd.
* * * LOW HITPOINT WARNING * * *
The gnoll hits you but does no damage.
You puncture the gnoll!
The gnoll is severely wounded.
The gnoll hits you but does no damage. The gnoll completely misses you.
You hit the gnoll.
You kill the gnoll!
The gnoll hits you but does no damage.
You have reached level 6!
Your experience leads to an increase in your attributes!
Increase (S)trength, (I)ntelligence, or (D)exterity?
You feel stronger.
You hit the kobold.
You kill the kobold!
The gnoll hits you from afar with a +0 halberd.
* * * LOW HITPOINT WARNING * * *
The gnoll barely misses you.
Your plate armour prevents you from hitting the gnoll.
The gnoll is severely wounded.
The gnoll hits you but does no damage. The gnoll barely misses you.
The gnoll hits you but does no damage.
You puncture the gnoll!
You kill the gnoll!
The gnoll hits you from afar with a +0 halberd.
You die...

......## . .......
. gg###.# .#
gr##..##.#
#.##.#...#
#.##...####
.......##.####
.....gZ##....######
............Z.g)@.#
......#.#...Z#g##)#
....#.#.#.##.#...g#
....#...........#.#
..<....##.#.#.#.#.#
.....#....#.#.#...#
##...#............#
#.....#.#.>.#.##.#
...##.#


You could see 3 gnolls, a hound skeleton (weak-willed) and a centaur skeleton
(weak-willed).

Vanquished Creatures
  An ogre (D:3)
  4 gnolls (D:4)
  2 adders
  A worm (D:2)
  2 dart slugs (D:2)
  An orc (D:3)
  5 ball pythons
  3 bats (D:3)
  6 endoplasms
  3 giant cockroaches
  7 goblins
  4 hobgoblins
  2 kobolds
  5 quokkas
  6 frilled lizards
  6 rats
58 creatures vanquished.

Notes
Turn   | Place    | Note
-------+----------+-------------------------------------------
     0 | D:1      | piimaboy the Human Fighter began the quest for the Orb.
     0 | D:1      | Reached XP level 1. HP: 18/18 MP: 1/1
   165 | D:1      | Reached XP level 2. HP: 24/24 MP: 2/2
   441 | D:2      | Reached XP level 3. HP: 29/29 MP: 3/3
   658 | D:2      | Found an opulent altar of Gozag.
   838 | D:2      | Reached skill level 1 in Short Blades
   960 | D:3      | Reached XP level 4. HP: 33/35 MP: 4/4
  1206 | D:3      | Noticed an ogre
  1212 | D:3      | Killed an ogre
  1213 | D:3      | Reached skill level 1 in Dodging
  1213 | D:3      | Reached XP level 5. HP: 29/41 MP: 5/5
  1416 | D:3      | Found a faded altar of an unknown god.
  1448 | D:3      | Reached skill level 4 in Armour
  1568 | D:4      | Found a staircase to the Ecumenical Temple.
  1603 | D:4      | HP: 1/41 [gnoll (5)]
  1615 | D:4      | Reached XP level 6. HP: 5/47 MP: 6/6
  1615 | D:4      | HP: 2/47 [gnoll (3)]
  1617 | D:4      | Slain by a gnoll

Illustrated notes

Levels and vault maps discovered:
D:1:      ebering_trefoil_3fold, layout_rooms
D:2:      layout_rooms, basic_altar, serial_corexii_hall,
          corexii_hall_statues_s, corexii_hall_statues_i, minmay_lizard_pond
D:3:      layout_basic, chequers_ecumenical_altar_simple
D:4:      layout_rooms, minmay_temple_entry_ruins, gup_sewer_entry_bubbles,
          uniq_grinder, uniq_ijyb

Skill      XL: |  1  2  3  4  5 |
---------------+----------------+-----
Short Blades   | 1 2 |  2.8
Dodging        | 1 |  1.0
Armour         | 4 |  4.2
Fighting       | |  3.4
Maces & Flails | |  2.5
Stealth        | |  0.1
Shields        | |  3.3

Action                   |  1- 3 |  4- 6 || total
-------------------------+-------+-------++-------
Melee: Flail             |    10 |       ||    10
       Dagger            |    96 |    75 ||   171
  Use: Scroll            |       |     5 ||     5
       Potion            |       |     4 ||     4
Armor: Scale mail        |    23 |       ||    23
       Plate armour      |     6 |    69 ||    75
Dodge: Dodged            |    34 |    25 ||    59
Block: Buckler           |    17 |    21 ||    38

Table legend: (Time is in decaauts)
 A = Elapsed time spent in this place.
 B = Non-inter-level travel time spent in this place.
 C = Inter-level travel time spent in this place.
 D = Time resting spent in this place.
 E = Time spent auto-exploring this place.
 F = Levels seen in this place.
 G = Mean time per level.
                   A        B        C        D        E       F      G
               +--------+--------+--------+--------+--------+-----+--------+
         Total |   1609 |   1609 |      0 |    100 |      0 |   4 |  402.2 |
       Dungeon |   1609 |   1609 |      0 |    100 |      0 |   4 |  402.2 |
               +--------+--------+--------+--------+--------+-----+--------+

Top non-repeatable levels by time:
     D:3: 604 daAuts
     D:2: 546 daAuts
     D:1: 368 daAuts
     D:4: 90 daAuts
